TOP OF THE 1ST |
Montana Pandas batting - Pitching for Brooklyn Dodgers : RHP Peer Akerboom
|
Pitching: RHP Peer Akerboom
|
|
Batting: LHB César Gómes
|
0-0: Ball 1-0: Bunt for hit - play at first, batter safe!
|
Batting: RHB Tommy Jones
|
0-0: Ball 1-0: Called Strike 1-1: Called Strike 1-2: Ball 2-2: Strikes out looking
|
Batting: LHB Dewitt Hopper
|
0-0: Grounds into double play, 5-4-3 (Groundball, 56)
|
Top of the 1st over - 0 runs, 1 hit, 0 errors, 0 left on base; Montana 0 - Brooklyn 0 |
BOTTOM OF THE 1ST |
Brooklyn Dodgers batting - Pitching for Montana Pandas : RHP Nassim El-Badwi
|
Pitching: RHP Nassim El-Badwi
|
|
Batting: LHB Frank Sharp
|
0-0: Ball 1-0: Called Strike 1-1: Foul Ball, location: 2F 1-2: Ball 2-2: Ground out 6-3 (Groundball, 6)
|
Batting: LHB Mike Gillespie
|
0-0: Ball 1-0: Called Strike 1-1: Foul Ball, location: 2F 1-2: Ball 2-2: Ball 3-2: Foul Ball, location: 2F 3-2: DOUBLE (Flyball, 78XD)
|
Batting: LHB Avon Barksdale
|
0-0: Ball 1-0: Ball Wild Pitch! Mike Gillespie to third 2-0: 2-RUN HOME RUN (Flyball, 9LD), Distance : 344 ft
|
Batting: SHB Peer van Lochem
|
0-0: Ball 1-0: Ball 2-0: Called Strike 2-1: Called Strike 2-2: Ball 3-2: SINGLE (Line Drive, 6M)
|
Batting: LHB Hugh Hill
|
0-0: Ball Passed Ball! Peer van Lochem to second 1-0: Ball 2-0: Ball 3-0: Called Strike 3-1: Called Strike 3-2: SINGLE (Groundball, 3S) (infield hit) Peer van Lochem to third
|
Batting: RHB Ilkka Haapajarvi
|
0-0: Ball 1-0: Ball 2-0: Fly out, F3 (Popup, 3S)
|
Batting: LHB Roberto Soto
|
0-0: Foul Ball, location: 2F 0-1: Foul Ball, location: 2F 0-2: Ground out U3 (Groundball, 3)
|
Bottom of the 1st over - 2 runs, 4 hits, 0 errors, 2 left on base; Montana 0 - Brooklyn 2 |
TOP OF THE 2ND |
Montana Pandas batting - Pitching for Brooklyn Dodgers : RHP Peer Akerboom
|
Batting: RHB Gabriel Maldonado
|
0-0: Ball 1-0: Foul Ball, location: 2F 1-1: Ground out 6-3 (Groundball, 6M)
|
Batting: RHB Armando Alvarado
|
0-0: Called Strike 0-1: Reached on error, E5 (Popup, 15)
|
Batting: RHB Oliver Aranda
|
0-0: Ball 1-0: Foul Ball, location: 2F 1-1: Called Strike 1-2: Strikes out swinging
|
Batting: RHB Lionel McCloud
|
0-0: SINGLE (Flyball, 8LS) Armando Alvarado to second Runner from 2nd tries for 3rd, SAFE, no throw
|
Batting: RHB Bernardo Herrera
|
0-0: Ball Wild Pitch! Armando Alvarado scores Lionel McCloud to second 1-0: SINGLE (Groundball, 6MD) Lionel McCloud to third Runner from 3rd tries for Home, SAFE, throw made home
|
Batting: SHB Tsing Guao
|
0-0: Called Strike 0-1: Called Strike 0-2: Foul Ball, location: 2F 0-2: Ball 1-2: Foul Ball, location: 2F 1-2: Ball 2-2: Ball 3-2: Foul Ball, location: 2F 3-2: Strikes out swinging
|
Top of the 2nd over - 2 runs, 2 hits, 1 error, 1 left on base; Montana 2 - Brooklyn 2 |
BOTTOM OF THE 2ND |
Brooklyn Dodgers batting - Pitching for Montana Pandas : RHP Nassim El-Badwi
|
Batting: SHB Tommy Dreamer
|
0-0: Ball 1-0: Ball 2-0: Fly out, F7 (Flyball, 78S)
|
Batting: RHB Gerald Clark
|
0-0: Ball 1-0: Ball 2-0: SINGLE (Line Drive, 6D)
|
Batting: LHB Frank Sharp
|
0-0: Ball 1-0: Foul Ball, location: 2F 1-1: Swinging Strike 1-2: Strikes out swinging
|
Batting: LHB Mike Gillespie
|
0-0: TRIPLE (Flyball, 78XD) Gerald Clark scores
|
Batting: LHB Avon Barksdale
|
0-0: Ball 1-0: Foul Ball, location: 2F 1-1: Foul Ball, location: 2F 1-2: Ball 2-2: Ball 3-2: Base on Balls
|
Batting: SHB Peer van Lochem
|
0-0: DOUBLE (Line Drive, 9LM) Mike Gillespie scores Avon Barksdale to third Runner from 3rd tries for Home, SAFE, no throw
|
Pinch Runner at 2nd Alistair Mix:
|
|
Batting: LHB Hugh Hill
|
0-0: Called Strike 0-1: Ball 1-1: Ball 2-1: Ball 3-1: Called Strike 3-2: Ground out 4-3 (Groundball, 4)
|
Bottom of the 2nd over - 3 runs, 3 hits, 0 errors, 1 left on base; Montana 2 - Brooklyn 5 |
TOP OF THE 3RD |
Montana Pandas batting - Pitching for Brooklyn Dodgers : RHP Peer Akerboom
|
Now in LF: Alistair Mix
|
|
Batting: LHB César Gómes
|
0-0: Foul Ball, location: 2F 0-1: Foul Ball, location: 2F 0-2: Ball 1-2: Ball 2-2: Ball 3-2: Strikes out swinging
|
Batting: RHB Tommy Jones
|
0-0: Ball 1-0: Foul Ball, location: 2F 1-1: Ball 2-1: Called Strike 2-2: DOUBLE (Flyball, 89XD)
|
Batting: LHB Dewitt Hopper
|
0-0: Ball Wild Pitch! Tommy Jones to third 1-0: Ball 2-0: Called Strike 2-1: Hit by Pitch
|
Batting: RHB Gabriel Maldonado
|
Pickoff Throw to First - Error! E1 Tommy Jones scores Dewitt Hopper to second 0-0: Fly out, F9 (Flyball, 89D) Runner from 2nd tags up, SAFE at 3rd with throw
|
Batting: RHB Armando Alvarado
|
0-0: Ball 1-0: Called Strike 1-1: SINGLE (Groundball, 4MD) Dewitt Hopper scores
|
Batting: RHB Oliver Aranda
|
0-0: Called Strike Armando Alvarado is caught stealing 2nd base
|
Top of the 3rd over - 2 runs, 2 hits, 1 error, 0 left on base; Montana 4 - Brooklyn 5 |
BOTTOM OF THE 3RD |
Brooklyn Dodgers batting - Pitching for Montana Pandas : RHP Nassim El-Badwi
|
Batting: RHB Ilkka Haapajarvi
|
0-0: Ball 1-0: Ground out 3-1 (Groundball, 34S)
|
Batting: LHB Roberto Soto
|
0-0: Ball 1-0: Swinging Strike 1-1: Ball 2-1: Ball 3-1: Fly out, F5 (Popup, 6S)
|
Batting: SHB Tommy Dreamer
|
0-0: Called Strike 0-1: Ball 1-1: Swinging Strike 1-2: Reached on error, E7 (Flyball, 7)
|
Batting: RHB Gerald Clark
|
0-0: Ball 1-0: Ball 2-0: Called Strike 2-1: SINGLE (Line Drive, 6MD) Tommy Dreamer to third Runner from 3rd tries for Home, SAFE, no throw
|
Pitching: RHP Ryan Peterson
|
|
Batting: LHB Frank Sharp
|
0-0: Ball 1-0: Called Strike 1-1: Ball 2-1: Ball 3-1: Called Strike 3-2: Base on Balls Gerald Clark to second
|
Batting: LHB Mike Gillespie
|
0-0: Called Strike 0-1: Ball 1-1: Ball 2-1: Foul Ball, location: 2F 2-2: Ground out U3 (Groundball, 3)
|
Bottom of the 3rd over - 1 run, 1 hit, 1 error, 2 left on base; Montana 4 - Brooklyn 6 |
TOP OF THE 4TH |
Montana Pandas batting - Pitching for Brooklyn Dodgers : RHP Peer Akerboom
|
Batting: RHB Oliver Aranda
|
0-0: Ball 1-0: Fly out, F8 (Flyball, 8RD)
|
Batting: RHB Lionel McCloud
|
0-0: Foul Ball, location: 2F 0-1: Ball 1-1: DOUBLE (Line Drive, 7LS)
|
Batting: RHB Bernardo Herrera
|
0-0: Ball 1-0: Called Strike 1-1: Foul Ball, location: 2F 1-2: Strikes out swinging
|
Pitching: RHP Luis Bejarano
|
|
Batting: SHB Tsing Guao
|
0-0: Called Strike 0-1: Ball 1-1: Foul Ball, location: 2F 1-2: Ball 2-2: Strikes out swinging
|
Top of the 4th over - 0 runs, 1 hit, 0 errors, 1 left on base; Montana 4 - Brooklyn 6 |
BOTTOM OF THE 4TH |
Brooklyn Dodgers batting - Pitching for Montana Pandas : RHP Ryan Peterson
|
Batting: LHB Avon Barksdale
|
0-0: Called Strike 0-1: Ball 1-1: Ball 2-1: Foul Ball, location: 2F 2-2: Ball 3-2: Base on Balls
|
Batting: LHB Alistair Mix
|
0-0: Fielders Choice at 2nd, 6-4 (Groundball, 6M)
|
Batting: LHB Hugh Hill
|
0-0: Ball 1-0: Foul Ball, location: 2F 1-1: Ball 2-1: Ball 3-1: Foul Ball, location: 2F 3-2: Foul Ball, location: 2F 3-2: Base on Balls Alistair Mix to second
|
Batting: RHB Ilkka Haapajarvi
|
0-0: SINGLE (Line Drive, 5) Alistair Mix to third Hugh Hill to second Runner from 3rd tries for Home, SAFE, no throw
|
Batting: LHB Roberto Soto
|
0-0: Grounds into double play, 6-4-3 (Groundball, 56)
|
Bottom of the 4th over - 1 run, 1 hit, 0 errors, 1 left on base; Montana 4 - Brooklyn 7 |
TOP OF THE 5TH |
Montana Pandas batting - Pitching for Brooklyn Dodgers : RHP Luis Bejarano
|
Batting: LHB César Gómes
|
0-0: Ball 1-0: Called Strike 1-1: Swinging Strike 1-2: Foul Ball, location: 2F 1-2: Strikes out swinging
|
Batting: RHB Tommy Jones
|
0-0: DOUBLE (Line Drive, 7LM)
|
Batting: LHB Dewitt Hopper
|
0-0: Swinging Strike 0-1: Called Strike 0-2: SINGLE (Groundball, 4MD) Tommy Jones to third Runner from 3rd tries for Home, SAFE, no throw
|
Batting: RHB Gabriel Maldonado
|
0-0: Foul Ball, location: 2F 0-1: Ball 1-1: SINGLE (Flyball, 7LS) Dewitt Hopper to second
|
Batting: RHB Armando Alvarado
|
0-0: Ball 1-0: Fly out, F7 (Flyball, 7LS)
|
Pitching: RHP Paco Manuel
|
|
Batting: RHB Oliver Aranda
|
0-0: Ball 1-0: Ball 2-0: Foul Ball, location: 2F 2-1: Ground out 5-3 (Groundball, 5S)
|
Top of the 5th over - 1 run, 3 hits, 0 errors, 2 left on base; Montana 5 - Brooklyn 7 |
BOTTOM OF THE 5TH |
Brooklyn Dodgers batting - Pitching for Montana Pandas : RHP Ryan Peterson
|
Batting: SHB Tommy Dreamer
|
0-0: Ball 1-0: Ball 2-0: Fly out, F9 (Flyball, 9LD)
|
Batting: RHB Gerald Clark
|
0-0: Ball 1-0: Ground out 5-3 (Groundball, 5L)
|
Batting: LHB Frank Sharp
|
0-0: Ball 1-0: Ball 2-0: Ground out 1-3 (Groundball, 13S)
|
Bottom of the 5th over - 0 runs, 0 hits, 0 errors, 0 left on base; Montana 5 - Brooklyn 7 |
TOP OF THE 6TH |
Montana Pandas batting - Pitching for Brooklyn Dodgers : RHP Paco Manuel
|
Batting: RHB Lionel McCloud
|
0-0: Ball 1-0: Swinging Strike 1-1: Foul Ball, location: 2F 1-2: Foul Ball, location: 2F 1-2: Ball 2-2: Foul Ball, location: 2F 2-2: SINGLE (Groundball, 6D)
|
Batting: RHB Bernardo Herrera
|
0-0: Ball 1-0: SINGLE (Line Drive, 89S) Lionel McCloud to second Runner from 2nd tries for 3rd, SAFE, no throw
|
Batting: SHB Tsing Guao
|
0-0: Ground out 4-3 (Groundball, 4) Bernardo Herrera to second
|
Batting: LHB César Gómes
|
0-0: Ball 1-0: Swinging Strike 1-1: Swinging Strike 1-2: Strikes out swinging
|
Batting: RHB Tommy Jones
|
0-0: Ball 1-0: Ball 2-0: Ground out 6-3 (Groundball, 6)
|
Top of the 6th over - 0 runs, 2 hits, 0 errors, 2 left on base; Montana 5 - Brooklyn 7 |
BOTTOM OF THE 6TH |
Brooklyn Dodgers batting - Pitching for Montana Pandas : RHP Ryan Peterson
|
Batting: LHB Mike Gillespie
|
0-0: Called Strike 0-1: Called Strike 0-2: Ball 1-2: Ball 2-2: Ball 3-2: Strikes out looking
|
Batting: LHB Avon Barksdale
|
0-0: Swinging Strike 0-1: Called Strike 0-2: Ball 1-2: Ball 2-2: Strikes out swinging
|
Batting: LHB Alistair Mix
|
0-0: Called Strike 0-1: Ball 1-1: Called Strike 1-2: Foul Ball, location: 2F 1-2: Fly out, F9 (Flyball, 89D)
|
Bottom of the 6th over - 0 runs, 0 hits, 0 errors, 0 left on base; Montana 5 - Brooklyn 7 |
TOP OF THE 7TH |
Montana Pandas batting - Pitching for Brooklyn Dodgers : RHP Paco Manuel
|
Batting: LHB Dewitt Hopper
|
0-0: Ball 1-0: Ball 2-0: Fly out, F8 (Flyball, 8RS)
|
Batting: RHB Gabriel Maldonado
|
0-0: Ball 1-0: Ball 2-0: Ball 3-0: Called Strike 3-1: Called Strike 3-2: Foul Ball, location: 2F 3-2: Strikes out swinging
|
Batting: RHB Armando Alvarado
|
0-0: Swinging Strike 0-1: Swinging Strike 0-2: Strikes out swinging
|
Top of the 7th over - 0 runs, 0 hits, 0 errors, 0 left on base; Montana 5 - Brooklyn 7 |
BOTTOM OF THE 7TH |
Brooklyn Dodgers batting - Pitching for Montana Pandas : RHP Ryan Peterson
|
Batting: LHB Hugh Hill
|
0-0: Ball 1-0: Foul Ball, location: 2F 1-1: Ground out 6-3 (Groundball, 6)
|
Batting: RHB Ilkka Haapajarvi
|
0-0: Swinging Strike 0-1: Swinging Strike 0-2: Ball 1-2: Strikes out swinging
|
Batting: LHB Roberto Soto
|
0-0: Ball 1-0: Ball 2-0: Ball 3-0: Base on Balls
|
Pitching: RHP Yosuke Takahashi
|
|
Batting: SHB Tommy Dreamer
|
0-0: Ball 1-0: Called Strike 1-1: Called Strike Roberto Soto steals 2nd base 1-2: Ground out 5-3 (Groundball, 5)
|
Bottom of the 7th over - 0 runs, 0 hits, 0 errors, 1 left on base; Montana 5 - Brooklyn 7 |
TOP OF THE 8TH |
Montana Pandas batting - Pitching for Brooklyn Dodgers : RHP Paco Manuel
|
Batting: RHB Oliver Aranda
|
0-0: Ball 1-0: Ball 2-0: Swinging Strike 2-1: DOUBLE (Line Drive, 9LD)
|
Batting: RHB Lionel McCloud
|
0-0: Ball 1-0: Foul Ball, location: 2F 1-1: Fly out, F8 (Line Drive, 8LM)
|
Batting: RHB Bernardo Herrera
|
0-0: Called Strike 0-1: Ball 1-1: Called Strike 1-2: Ball 2-2: Foul Ball, location: 2F 2-2: Ball 3-2: Hit by Pitch
|
Pitching: RHP Harrison Tuff
|
|
Batting: SHB Tsing Guao
|
0-0: Ball 1-0: Ball 2-0: Fly out, F9 (Flyball, 9) Runner from 2nd tags up, SAFE at 3rd with throw
|
Batting: LHB César Gómes
|
0-0: Foul Ball, location: 2F 0-1: Ball 1-1: Foul Ball, location: 2F 1-2: Ball 2-2: Foul Ball, location: 2F 2-2: DOUBLE (Line Drive, 9LS) Oliver Aranda scores Bernardo Herrera to third Runner from 3rd tries for Home, SAFE, no throw
|
Batting: RHB Tommy Jones
|
0-0: Called Strike 0-1: Swinging Strike 0-2: Ball 1-2: Ground out 4-3 (Groundball, 4S)
|
Top of the 8th over - 2 runs, 2 hits, 0 errors, 1 left on base; Montana 7 - Brooklyn 7 |
BOTTOM OF THE 8TH |
Brooklyn Dodgers batting - Pitching for Montana Pandas : RHP Yosuke Takahashi
|
Batting: RHB Gerald Clark
|
0-0: DOUBLE (Flyball, 78D)
|
Batting: LHB Frank Sharp
|
0-0: Called Strike 0-1: Swinging Strike 0-2: Ball 1-2: Ground out 6-3 (Groundball, 4MS) Gerald Clark to third
|
Batting: LHB Mike Gillespie
|
0-0: Ball 1-0: Called Strike 1-1: Swinging Strike 1-2: Ball 2-2: Ball 3-2: Foul Ball, location: 2F 3-2: Strikes out swinging
|
Batting: LHB Avon Barksdale
|
0-0: Ball 1-0: Called Strike 1-1: Ball Passed Ball! Gerald Clark scores 2-1: Called Strike 2-2: Strikes out looking
|
Bottom of the 8th over - 1 run, 1 hit, 0 errors, 0 left on base; Montana 7 - Brooklyn 8 |
TOP OF THE 9TH |
Montana Pandas batting - Pitching for Brooklyn Dodgers : RHP Harrison Tuff
|
Pitching: RHP Ramón Granados
|
|
Now at 1B: Scott Ramsey
|
|
Batting: LHB Dewitt Hopper
|
0-0: Swinging Strike 0-1: Called Strike 0-2: Strikes out looking
|
Batting: RHB Gabriel Maldonado
|
0-0: Ball 1-0: Ground out 6-3 (Groundball, 6)
|
Pinch Hitting: LHB Adrian McCoy
|
0-0: Ball 1-0: Ball 2-0: Ball 3-0: Base on Balls
|
Pinch Runner at 1st Jorge Alou:
|
|
Batting: RHB Oliver Aranda
|
0-0: Foul Ball, location: 2F 0-1: Ball 1-1: Ball 2-1: Foul Ball, location: 2F 2-2: Foul Ball, location: 2F 2-2: Strikes out swinging
|
Top of the 9th over - 0 runs, 0 hits, 0 errors, 1 left on base; Montana 7 - Brooklyn 8 |
|